 Dungeon Crawl Stone Soup version 0.29-a0-330-g52719c12eb (webtiles) character file.

Game seed: 6351505918826533401

281 vineage the Skirmisher (level 6, -4/44 HPs)
             Began as a Gargoyle Fighter on May 13, 2022.
             Killed by divine providence
             ... invoked by an orc priest
              (11 damage)
             ... on level 4 of the Dungeon.
             The game lasted 00:04:38 (3194 turns).

vineage the Skirmisher (Gargoyle Fighter)           Turns: 3194, Time: 00:04:39

Health: -4/44      AC: 13    Str: 22    XL:     6   Next: 27%
Magic:  6/6        EV:  9    Int:  6    God:
Gold:   219        SH:  5    Dex:  9    Spells: 5/5 levels left

rFire   . . .      SeeInvis .   l - +3 mace (vorpal)
rCold   . . .      Faith    .   c - +1 buckler
rNeg    + . .      Spirit   .   b - +0 scale mail
rPois   ∞          Reflect  .   (no helmet)
rElec   +          Harm     .   (no cloak)
rCorr   .          Rampage  .   (no gloves)
Will    .....                   (no boots)
Stlth   ..........              (no amulet)
HPRegen 0.14/turn               (no ring)
MPRegen 0.10/turn               (no ring)

@: no status effects
A: sickness immunity, AC +4, negative energy resistance 1, electricity
resistance, torment resistance 1, petrification resistance, iridescent scales 1,
dopey 1, sturdy frame 1
a: no special abilities


You were on level 4 of the Dungeon.
You visited 1 branch of the dungeon, and saw 4 of its levels.

You collected 219 gold pieces.

Inventory:

Hand Weapons
 a - a +0 flail
 l - a +3 vorpal mace (weapon)
Armour
 b - a +0 scale mail (worn)
 c - a +1 buckler (worn)
Scrolls
 d - a scroll of identify
 m - 2 scrolls of immolation
Potions
 g - a potion of heal wounds {unknown}
 i - 2 potions of curing
 j - a potion of brilliance


   Skills:
 + Level 7.5 Fighting
 - Level 2.0 Maces & Flails
 - Level 3.2 Armour
 - Level 3.2 Shields


You had 5 spell levels left.
You didn't know any spells.
Your spell library contained the following spells:

 Spells                   Type           Power      Damage    Failure   Level
 Leda's Liquefaction      Hex/Erth       0%         N/A       100%        4
 Lee's Rapid Deconstruct  Erth           0%         3d5*      100%        5
 Statue Form              Tmut/Erth      Unusable   N/A       N/A         6

Dungeon Overview and Level Annotations

Branches:
Dungeon (4/15)
 Temple: D:4-7

Altars:

Shops:
D:1 *   D:2 (


Innate Abilities, Weirdness & Mutations

You are immune to sickness and miasma.
Your stone body is resilient. (AC +4)
You are immune to poison.
You resist negative energy. (rN+)
You are resistant to electric shocks. (rElec)
You are resistant to unholy torment.
You are immune to petrification.
You are partially covered in iridescent scales. (AC +2)
You are dopey. (Int -2)
Your movements are slightly less encumbered by armour. (ER -2)


Message History

The orc warrior is lightly wounded.
The orc warrior hits you but does no damage.
The orc priest calls upon Beogh to heal the orc warrior.
The orc warrior's wounds heal themselves!
The orc warrior hits you with a +0 flail.
The orc priest shouts!
The orc warrior attacks as you move away!
The orc warrior hits you but does no damage.
The orc warrior attacks as you move away!
The orc warrior hits you but does no damage.
The orc warrior attacks as you move away!
The orc warrior completely misses you.
The orc warrior attacks as you move away!
The orc warrior hits you with a +0 flail.
The orc priest mumbles some strange prayers to Beogh against you.
Beogh smites you!
The orc warrior attacks as you move away!
The orc warrior hits you but does no damage.
Things that are here:
a stone; a +0 club An adder comes into view.
The orc warrior attacks as you move away!
You block the orc warrior's attack.
The adder hisses angrily.
The orc warrior attacks as you move away!
The orc warrior barely misses you. The adder bites you but does no damage.
The orc warrior attacks as you move away!
The orc warrior hits you with a +0 flail.
* * * LOW HITPOINT WARNING * * *
The adder bites you.
* * * LOW HITPOINT WARNING * * *
You block the adder's attack. The adder attacks as you move away!
You block the adder's attack.
The orc warrior attacks as you move away!
The orc warrior hits you with a +0 flail.
* * * LOW HITPOINT WARNING * * *
The orc priest invokes the aid of Beogh against you.
Beogh smites you!
You die...

### ##P♣♣## ##≈≈≈P≈##
#≈≈P≈≈♣P# #♣≈≈≈≈≈≈#
#≈....P≈#####
##.......[.<######
#....@####......# #...oS#
#.####.# #####.....## #..#
#.# #..........# #>.###.#
########)###.....####♣♣≈##.##
....................♣ ♣♣♣≈P≈♣
########.###.#.#...♣♣≈≈≈P♣♣♣♣
##>###o#♣≈..♣≈≈≈≈≈≈
####...##.≈≈≈........


You could see an orc warrior, an orc priest and an adder.

Vanquished Creatures
  A scorpion (D:4)
  An orc priest (D:3)
  2 hounds
  An orc wizard (D:3)
  3 adders (D:2)
  A white imp (D:4)
  4 dart slugs
  8 orcs
  2 ball pythons
  4 bats
  5 endoplasms
  3 giant cockroaches
  5 goblins
  3 hobgoblins
  4 jackals (D:1)
  4 quokkas
  A frilled lizard (D:1)
  4 kobolds
  7 rats
63 creatures vanquished.

Vanquished Creatures (others)
  62 plants (D:4)
62 creatures vanquished.

Grand Total: 125 creatures vanquished

Notes
Turn   | Place    | Note
-------+----------+-------------------------------------------
     0 | D:1      | vineage the Gargoyle Fighter began the quest for the Orb.
     0 | D:1      | Reached XP level 1. HP: 14/14 MP: 1/1
    80 | D:1      | Found Johoyl's Assorted Antiques.
   106 | D:1      | Found a faded altar of an unknown god.
   139 | D:1      | Reached XP level 2. HP: 18/20 MP: 2/2
   140 | D:1      | Reached skill level 4 in Fighting
   494 | D:1      | Reached XP level 3. HP: 23/24 MP: 3/3
   569 | D:1      | Gained mutation: Your spells are a little harder to cast,
                  | but a little more powerful. [potion of mutation]
   569 | D:1      | Gained mutation: Your spells are harder to cast, but more
                  | powerful. [potion of mutation]
   569 | D:1      | Gained mutation: Your body sometimes deteriorates upon
                  | taking damage. [potion of mutation]
   940 | D:2      | Reached skill level 5 in Fighting
   946 | D:2      | Reached XP level 4. HP: 31/31 MP: 4/4
  1013 | D:2      | Lost mutation: Your body sometimes deteriorates upon taking
                  | damage. [potion of mutation]
  1013 | D:2      | Lost mutation: Your spells are harder to cast, but more
                  | powerful. [potion of mutation]
  1013 | D:2      | Lost mutation: Your spells are a little harder to cast, but
                  | a little more powerful. [potion of mutation]
  1013 | D:2      | Gained mutation: You are dopey. (Int -2) [potion of
                  | mutation]
  1013 | D:2      | Gained mutation: Your movements are slightly less
                  | encumbered by armour. (ER -2) [potion of mutation]
  1013 | D:2      | Gained mutation: You are partially covered in iridescent
                  | scales. (AC +2) [potion of mutation]
  1190 | D:2      | Found Zyxeoss's Weapon Boutique.
  1493 | D:3      | Reached skill level 6 in Fighting
  1493 | D:3      | Reached XP level 5. HP: 21/36 MP: 5/5
  2082 | D:4      | Reached skill level 7 in Fighting
  2171 | D:4      | Noticed an orc warrior
  2630 | D:4      | Reached XP level 6. HP: 5/44 MP: 6/6
  3194 | D:4      | Killed from afar by an orc priest

Illustrated notes

Levels and vault maps discovered:
D:1:      dpeg_arrival_arbitrary_c, layout_basic, serial_shops, shop_coins,
          hellmonk_ecumenical_altar_crossroads
D:2:      layout_basic, serial_shops, nicolae_square_shop
D:3:      layout_rooms, dk_noncrumbling_3
D:4:      layout_loops_ring, serial_bayou, serial_bayou_lagoon_a,
          serial_bayou_shore_b, serial_bayou_pond_d, serial_bayou_shore_b,
          serial_bayou_lagoon_b, serial_bayou_pond_c, minmay_misc_feat_square

Skill      XL: |  1  2  3  4  5 |
---------------+----------------+-----
Fighting       | 4 5 6 7 |  7.5
Maces & Flails | |  2.0
Armour         | |  3.2
Shields        | |  3.2

Action                   |  1- 3 |  4- 6 || total
-------------------------+-------+-------++-------
Melee: Flail             |    69 |       ||    69
       Mace              |    15 |    96 ||   111
  Use: Scroll            |     5 |     7 ||    12
       Potion            |     1 |     5 ||     6
Armor: Scale mail        |    56 |    62 ||   118
Dodge: Dodged            |    47 |    59 ||   106
Block: Buckler           |    16 |    36 ||    52

Table legend: (Time is in decaauts)
 A = Elapsed time spent in this place.
 B = Non-inter-level travel time spent in this place.
 C = Inter-level travel time spent in this place.
 D = Time resting spent in this place.
 E = Time spent auto-exploring this place.
 F = Levels seen in this place.
 G = Mean time per level.
                   A        B        C        D        E       F      G
               +--------+--------+--------+--------+--------+-----+--------+
         Total |   3243 |   3176 |     67 |    682 |   1829 |   4 |  810.8 |
       Dungeon |   3243 |   3176 |     67 |    682 |   1829 |   4 |  810.8 |
               +--------+--------+--------+--------+--------+-----+--------+

Top non-repeatable levels by time:
     D:3: 918 daAuts
     D:1: 907 daAuts
     D:4: 814 daAuts
     D:2: 601 daAuts
